AoeStats
← Hebly

Arabia

506004223Analyzed
1v1 RM · 21d ago on Sep 12, 2026· 46m 20s· 2 players
Game mode
Random Map
Map size
Tiny (2 player)
Population
200
Speed
Normal
Resources
Standard
Victory
Conquest
Starting age
Dark Age
Ending age
Imperial Age
RankedLock teamsTeams togetherTeam positionsShared explorationLock speedFull tech treeHidden civsTurbo modeCheats
Victory
Defeat
🇨🇿 Teutons · Czechia
813
+38
🇨🇦 Lithuanians · Canada
804
-16
kevin.steadicam
8:48 Loom
10:56 Feudal Age
16:28 Castle Age
14:52 Double-Bit Axe
20:33 Horse Collar
28:11 Bloodlines
31:17 Scale Barding Armor
31:23 Forging
31:49 Bow Saw
31:55 Pikeman
32:38 Squires
35:32 Chain Barding Armor
35:48 Iron Casting
36:50 Gold Mining
36:54 Stone Mining
37:43 Wheelbarrow
43:32 Imperial Age
41:16 Heavy Plow
41:35 Scale Mail Armor
42:53 Chain Mail Armor
42:47 Husbandry
Hebly
4:32 Loom
10:44 Feudal Age
11:20 Double-Bit Axe
12:03 Horse Collar
13:15 Town Watch
14:34 Wheelbarrow
20:41 Castle Age
20:00 Bloodlines
20:26 Forging
21:40 Scale Barding Armor
22:30 Gold Mining
22:52 Bow Saw
23:50 Iron Casting
24:22 Hand Cart
25:18 Town Patrol
26:20 Squires
26:44 Chain Barding Armor
30:29 Fletching
30:03 Pikeman
31:45 Bodkin Arrow
32:05 Stone Mining
37:02 Imperial Age
37:07 Cavalier
38:55 Blast Furnace
40:37 Ballistics
41:22 Chemistry
42:40 Halberdier
44:22 Paladin
Connection lost

Rejoining the realm…

Still unreachable

The connection could not be restored.

Session expired

The server has moved on; the page needs a fresh start.